 Dungeon Crawl Stone Soup version 0.31-a0-889-g1a8549509d (webtiles) character file.

Game seed: 8619206279012487367

6401 Forgeling the Carver (level 10, -21/86 HPs)
             Began as an Armataur Fighter on Oct 16, 2023.
             Was an Initiate of Gozag.
             Shot with a bolt by a centaur (42 damage)
             ... on level 8 of the Dungeon.
             The game lasted 00:26:32 (11598 turns).

Forgeling the Carver (Armataur Fighter)            Turns: 11598, Time: 00:26:33

Health: -21/86     AC: 13    Str: 29    XL:     10   Next: 66%
Magic:  10/10      EV:  8    Int:  8    God:    Gozag
Gold:   1340       SH:  5    Dex: 13    Spells: 9/9 levels left

rFire   . . .        a - +0 scimitar
rCold   . . .        p - +0 buckler
rNeg    . . .        k - +0 acid dragon scales
rPois   .            (no helmet)
rElec   .            l - +2 cloak
rCorr   +            w - +2 pair of gloves
SInv    .            (no barding)
Will    .....        f - amulet of magic regeneration
Stlth   +            s - +6 ring of strength
HPRegen 0.34/turn    (no ring)
MPRegen 0.52/turn

%: roll
@: gold aura
A: large, rugged brown scales 3, deformed body, armoured tail, roll, long
tongue, awkward tongue
a: Renounce Religion, Potion Petition, Call Merchant, Bribe Branch


You were on level 8 of the Dungeon.
You worshipped Gozag.
Gozag was most pleased with you.
You visited 1 branch of the dungeon, and saw 8 of its levels.

You collected 1563 gold pieces.
You spent 198 gold pieces at shops.
You paid 25 gold pieces to Gozag.

Inventory:

Hand Weapons
 a - a +0 scimitar (weapon)
 b - the +4 short sword of the Everdark {chaos, Dex+5}
   (You found it on level 2 of the Dungeon)

   Dex+5:     It affects your dexterity (+5).
Missiles
 n - 4 atropa-tipped darts
 o - 3 boomerangs
 r - 5 datura-tipped darts
 t - 5 poisoned darts (quivered)
Armour
 i - the +1 leather armour of Baugar {rC+ Will+ SInv}
   (You found it on level 4 of the Dungeon)

   rC+:       It protects you from cold.
   Will+:     It increases your willpower.
   SInv:      It lets you see invisible.
 k - +0 acid dragon scales (worn)
 l - a +2 cloak (worn)
 p - a +0 buckler (worn)
 w - a +2 pair of gloves (worn)
Jewellery
 f - an amulet of magic regeneration (around neck)
 s - a +6 ring of strength (left hand)
Wands
 d - a wand of digging (19)
 e - a wand of charming (6)
 h - a wand of light (4)
 j - a wand of polymorph (8)
 q - a wand of flame (16)
Scrolls
 c - a scroll of enchant weapon
 m - a scroll of torment {unknown}
 u - a scroll of blinking {unknown}
 v - a scroll of noise {unknown}
 x - a scroll of acquirement {unknown}
 y - a scroll of enchant armour {unknown}
 K - a scroll of immolation
 O - a scroll of silence
 P - a scroll of poison
 V - a scroll of vulnerability
 X - a scroll of revelation {@r4}
 Y - 2 scrolls of teleportation {@r3}
Potions
 g - 2 potions of enlightenment
 A - 2 potions of attraction
 B - 2 potions of brilliance
 H - a potion of haste
 I - a potion of invisibility
 J - 5 potions of curing {@q1}
 M - a potion of might
 N - 2 potions of heal wounds {@q2}
 Q - 2 potions of magic
 U - 2 potions of mutation


   Skills:
 - Level 5.0 Fighting
 - Level 12.0 Long Blades
 + Level 3.3 Throwing
 - Level 3.6 Armour
 - Level 5.0 Shields
 - Level 7.0 Evocations


You had 9 spell levels left.
You didn't know any spells.
Your spell library contained the following spells:

 Spells                   Type           Power      Damage    Failure   Level
 Foxfire                  Conj/Fire      0%         2x1d4     52%         1
 Kiss of Death            Conj/Necr      0%         2d5       52%         1
 Ensorcelled Hibernation  Hex/Ice        0%         N/A       65%         2
 Passwall                 Tmut/Erth      0%         N/A       65%         2
 Scorch                   Fire           0%         2d5       65%         2
 Sublimation of Blood     Necr           0%         N/A       65%         2
 Wereblood                Tmut           0%         N/A       65%         2
 Confusing Touch          Hex            0%         N/A       87%         3
 Gell's Gravitas          Tloc           0%         N/A       87%         3
 Swiftness                Air            0%         N/A       87%         3
 Teleport Other           Tloc           0%         N/A       87%         3
 Dispel Undead            Necr           0%         3d6       99%         4
 Flame Wave               Conj/Fire      0%         2d4       99%         4
 Petrify                  Tmut/Erth      0%         N/A       99%         4
 Irradiate                Conj/Tmut      0%         3d11      100%        5
 Dispersal                Tloc           0%         N/A       100%        6
 Summon Hydra             Summ           0%         N/A       100%        7
 Death's Door             Necr           0%         N/A       100%        9


Dungeon Overview and Level Annotations

Branches:
Dungeon (8/15)             Temple (0/1) D:5
   Lair: D:8-11

Altars:
Dithmenos
Elyvilon
Gozag
Hepliaklqana
Nemelex Xobeh
Qazlal
Ru
Sif Muna
Trog
Wu Jian
Xom
Zin

Shops:
D:4 [

Annotations:
D:5 1 runed translucent door, croobank's ghost, novice OpDe


Innate Abilities, Weirdness & Mutations

You are completely covered in rugged brown scales. (AC +3, +7% HP)
Armour fits poorly on your strangely shaped body.
You have a long armoured tail.
You roll when moving toward enemies. (Rampage)
Your long tongue fully drains potion bottles. (2x potion effects)
Your tongue gives you trouble enunciating. (1.5x scroll delay)


Message History

The troll struggles to resist.
The troll claws you.
* * * LOW HITPOINT WARNING * * *
The troll shouts!
The troll attacks as it pursues you! The troll attacks as it pursues you!
The troll bites you.
* * * LOW HITPOINT WARNING * * *
The troll claws you.
* * * LOW HITPOINT WARNING * * *
The troll attacks as it pursues you! The troll claws you.
* * * LOW HITPOINT WARNING * * *
The troll attacks as it pursues you! The troll bites you.
* * * LOW HITPOINT WARNING * * *
The troll claws you.
* * * LOW HITPOINT WARNING * * *
Aiming: Charm
Press: ? - help, Shift-Dir - straight line, f/p - troll
Aim: a troll (chance to affect: 66%)
The troll is charmed.
The troll bites your troll! The troll claws your troll.
What are your orders? t - Shout!
Orders for allies: a - Attack new target. p - Attack previous target. r - Retreat! s - Stop attacking. g - Guard the area. f - Follow me.
Anything else - Cancel.
Gang up on whom?
Press: ? - help, Dir - move target, f - troll, p - troll
Aim: a troll Attack!
Your troll barely misses the troll.
Your troll claws the troll.
The troll claws your troll!
Your troll closely misses the troll.
Your troll barely misses the troll.
Your troll closely misses the troll.
The troll bites your troll. The troll claws your troll!
Your troll dies! a +0 giant spiked club; a +0 giant club A centaur comes into view.
It is wielding the +27 heavy crossbow "Sniper" {heavy, Acc+∞ SInv}.
The centaur shouts!
The centaur shoots a bolt.
The bolt hits you!!!
You die...
Your body crumbles into a pile of gold.

.....#####... ##.#[.......#..##
.....##.#_....._ #.#....###.#....
.....##.##.....###.#........#.###
.....##.##8...8 #......TT........
........# ##_## ##.....#.........
.......###############.#..#######
.........c...#...).T$T.#.♣♣ ♣
.................#######.##♣♣♣♣♣♣
................@....#...♣♣...♣~~
.................#.#.♣♣♣......~~~
.................#.#♣♣.♣..♣..~~~~
............##.....♣..♣♣.♣♣.♣.~~#
............####♣♣♣)♣♣♣♣..♣....##
............# ♣♣♣.♣.♣...♣.#..
........######### ♣♣.......♣.###.
#######.##......# ♣.♣♣...♣.♣♣~##.
#.##......♣ ♣.♣♣♣♣♣..♣.~~##


You could see a centaur.

Vanquished Creatures
  A two-headed ogre (D:8)
  Maggie (D:7)
  Jeremiah (D:7)
  A troll (D:7)
  Prince Ribbit (D:7)
  2 steam dragons (D:8)
  An acid dragon (D:8)
  A water moccasin (D:8)
  3 sky beasts
  A black bear (D:5)
  2 ice beasts
  An ogre (D:7)
  7 centaurs
  A phantom (D:5)
  4 bullfrogs
  5 scorpions
  35 killer bees
  2 gnoll boudas
  4 hounds
  4 jellies
  4 orc priests
  2 iguanas (D:5)
  3 orc wizards
  24 gnolls
  7 adders
  A shadow imp (D:5)
  A white imp (D:6)
  4 ufetubi
  3 worms
  4 dart slugs
  18 orcs
  6 ball pythons
  4 bats
  8 endoplasms
  4 giant cockroaches
  9 goblins
  7 hobgoblins
  3 quokkas
  A frilled lizard (D:2)
  3 kobolds
  8 rats
202 creatures vanquished.

Vanquished Creatures (collateral kills)
  An ice beast (D:8)
1 creature vanquished.

Vanquished Creatures (others)
  A troll (D:8)
  An iguana (D:4)
  A quokka (D:4)
3 creatures vanquished.

Grand Total: 206 creatures vanquished

Notes
Turn   | Place    | Note
-------+----------+-------------------------------------------
     0 | D:1      | Forgeling the Armataur Fighter began the quest for the Orb.
     0 | D:1      | Reached XP level 1. HP: 19/19 MP: 1/1
    17 | D:1      | Reached skill level 2 in Long Blades
   207 | D:1      | Got Sif Muna's Omnibus of the Flamy Autopsy
   294 | D:1      | Reached XP level 2. HP: 26/26 MP: 2/2
   633 | D:1      | Reached skill level 3 in Long Blades
   902 | D:2      | Reached XP level 3. HP: 32/32 MP: 3/3
  1323 | D:2      | Identified the +4 short sword of the Everdark {chaos,
                  | Dex+5}
  1417 | D:3      | Reached XP level 4. HP: 39/39 MP: 4/4
  1501 | D:3      | Reached skill level 4 in Long Blades
  1638 | D:3      | Reached XP level 5. HP: 24/44 MP: 5/5
  1820 | D:2      | Reached skill level 5 in Long Blades
  2315 | D:3      | Found an opulent altar of Gozag.
  2820 | D:3      | Became a worshipper of Gozag Ym Sagoz the Greedy
  2899 | D:4      | Reached XP level 6. HP: 45/53 MP: 6/6
  2920 | D:3      | Reached skill level 6 in Long Blades
  3339 | D:4      | Found Luabom's Armour Boutique.
  3466 | D:4      | Found a bloodstained altar of Trog.
  3844 | D:4      | Identified the +1 leather armour of Baugar {rC+ Will+ SInv}
  3938 | D:4      | Reached XP level 7. HP: 46/62 MP: 7/7
  4025 | D:4      | Found a shimmering altar of Xom.
  4326 | D:4      | Found a glowing silver altar of Zin.
  4328 | D:4      | Found a sparkling altar of Nemelex Xobeh.
  4437 | D:4      | Bought a +2 cloak for 198 gold pieces
  4473 | D:5      | Entered Level 5 of the Dungeon
  4740 | D:5      | Reached skill level 7 in Long Blades
  4747 | D:5      | Found a staircase to the Ecumenical Temple.
  4764 | D:5      | Noticed a two-headed ogre
  5197 | D:5      | Reached skill level 8 in Long Blades
  5202 | D:5      | Reached XP level 8. HP: 70/70 MP: 8/8
  5321 | D:5      | Reached skill level 1 in Throwing
  5809 | D:5      | Found a runed translucent door.
  5822 | D:5      | Noticed croobank's ghost (novice OpDe)
  6627 | D:6      | Found a sacrificial altar of Ru.
  6825 | D:6      | Reached skill level 9 in Long Blades
  6854 | D:6      | Reached skill level 5 in Fighting
  6854 | D:6      | Reached XP level 9. HP: 64/79 MP: 9/9
  7089 | D:7      | Reached skill level 1 in Evocations
  7205 | D:7      | Noticed Prince Ribbit
  7254 | D:7      | Killed Prince Ribbit
  7357 | D:7      | Noticed Maggie
  7370 | D:7      | Killed Maggie
  7833 | D:7      | Noticed Jeremiah
  8108 | D:7      | Killed Jeremiah
  8109 | D:7      | Reached skill level 5 in Evocations
  8298 | D:7      | Found a white marble altar of Elyvilon.
  8298 | D:7      | Found a stormy altar of Qazlal.
  8299 | D:7      | Found an ornate altar of the Wu Jian Council.
  8627 | D:8      | Found a shimmering blue altar of Sif Muna.
  8627 | D:8      | Found a hazy altar of Hepliaklqana.
  8715 | D:8      | Reached skill level 10 in Long Blades
  8816 | D:8      | Found a shadowy altar of Dithmenos.
  9092 | D:8      | Noticed a two-headed ogre
  9096 | D:8      | Reached XP level 10. HP: 45/86 MP: 10/10
  9098 | D:8      | Killed a two-headed ogre
  9344 | D:8      | Reached skill level 11 in Long Blades
 11296 | D:7      | Reached skill level 12 in Long Blades
 11296 | D:7      | Reached skill level 5 in Shields
 11598 | D:8      | Shot with a bolt by a centaur

Illustrated notes

Levels and vault maps discovered:
D:1:      elethiomel_arrival_diamonds, layout_basic, minmay_shallow_snake_nest
D:2:      layout_rooms
D:3:      layout_basic, mainiacjoe_overflow_paths, hangedman_decor_riveting
D:4:      layout_loops_ring, grunt_temple_overflow_diamond, xom_confusion_cloud,
          serial_shops, shop, serial_forest, infiniplex_forest_clump_long,
          infiniplex_forest_clump_long, infiniplex_forest_clump_long,
          infiniplex_forest_zigzag_1, infiniplex_forest_lined_room_2,
          infiniplex_forest_straight_5, infiniplex_forest_diagonal,
          kennysheep_another_room
D:5:      layout_basic, minmay_temple_entry_stoned_glass, ebering_ghost_sewer_d,
          corexii_hall_statues_u, minmay_increasing_density
D:6:      layout_cave_pools, nicolae_ru_path_of_blood, grunt_ministairs_12,
          serial_bayou_pond_a, corexii_checkpoint_a,
          kennysheep_cross_bottleneck, chequers_avenue, minivault_1
D:7:      layout_cave_pods, gammafunk_temple_overflow_claw, uniq_jeremiah,
          uniq_prince_ribbit1, uniq_maggie
D:8:      wad_woods_minihive, layout_basic, nicolae_overflow_hidden_temple

Skill      XL: |  1  2  3  4  5  6  7  8  9 10 |
---------------+-------------------------------+-----
Long Blades    | 2 3 4 5 6 8 9 10 12 | 12.0
Fighting       | 3 4 5 |  5.0
Throwing       | 2 3 |  3.3
Shields        | 4 5 |  5.0
Evocations     | 6 7 |  7.0
Armour         | |  3.6

Action                     |  1- 3 |  4- 6 |  7- 9 | 10-12 || total
---------------------------+-------+-------+-------+-------++-------
  Melee: Long sword        |   110 |    97 |       |       ||   207
         Tailslap          |    10 |    22 |    43 |    14 ||    89
         Short sword       |       |    22 |       |       ||    22
         Scimitar          |       |    60 |   407 |   182 ||   649
  Throw: Dart              |       |    11 |    23 |     5 ||    39
  Evoke: Wand              |       |       |     6 |     5 ||    11
    Use: Scroll            |     1 |     4 |    10 |     1 ||    16
         Potion            |       |     4 |       |       ||     4
   Stab: Distracted        |       |       |     3 |       ||     3
         Invisible         |       |       |     4 |     1 ||     5
 Armour: Scale mail        |    81 |   175 |       |       ||   256
         Skin              |       |     9 |       |       ||     9
         Leather armour    |       |     4 |     1 |       ||     5
         Acid dragon scale |       |       |   359 |   247 ||   606
  Dodge: Dodged            |    32 |    67 |   158 |   102 ||   359
  Block: Buckler           |    24 |    42 |    99 |    67 ||   232

Table legend: (Time is in decaauts)
 A = Elapsed time spent in this place.
 B = Non-inter-level travel time spent in this place.
 C = Inter-level travel time spent in this place.
 D = Time resting spent in this place.
 E = Time spent auto-exploring this place.
 F = Levels seen in this place.
 G = Mean time per level.
                   A        B        C        D        E       F      G
               +--------+--------+--------+--------+--------+-----+--------+
         Total |  11664 |  10445 |   1219 |   1579 |   6050 |   8 | 1458.0 |
       Dungeon |  11664 |  10445 |   1219 |   1579 |   6050 |   8 | 1458.0 |
               +--------+--------+--------+--------+--------+-----+--------+

Top non-repeatable levels by time:
     D:8: 2653 daAuts
     D:7: 1829 daAuts
     D:4: 1561 daAuts
     D:3: 1434 daAuts
     D:5: 1426 daAuts
     D:1: 1194 daAuts
     D:6: 860 daAuts
     D:2: 704 daAuts
